[ AOE2 MATCH · #506453673 ]
UnrankedKhmer vs Lithuanians
Player's team · LOSS
[ REPLAY ANALYSIS · EXTRACTED FROM THE RECORDED GAME ]
Feudal
11:36
Castle
25:47
Imperial
40:43
| APM avg | 52.6 |
| APM peak | 112 |
| eAPM avg | 26.4 |
| Villagers / military | 131 / 85 |
Focus
⚔️ 24.3% · 🌾 75.7%
Scout Cavalry ×30 · Knight ×26 · Spearman ×19 · Scorpion ×9 · Monk ×1
Feudal
10:54
Castle
25:23
Imperial
41:17
| APM avg | 74.7 |
| APM peak | 135 |
| eAPM avg | 40.6 |
| Villagers / military | 167 / 140 |
Focus
⚔️ 62.5% · 🌾 37.5%
Archer ×72 · Spearman ×34 · Knight ×21 · Militia ×5 · Monk ×4 · Scout Cavalry ×2
Match map
Initial resources + every placement click. Lines = walls · curves = elevation contours. ◆ gold · ⬟ stone · ● berries · ✦ relic · ◌ wall gap
Your base· Open — opponent sealed themselves in
Chagas's base· ✓ Closed at 25:23 · 66t walls · no gate
Smoothed initial terrain · ◌ = detected wall gap · hover for details
Inputs per minute
— DS_MD - - Chagas
Build order — DS_MD
First 150 of 404 actions detected
| 0:02 | Create | Villager (Male) |
| 0:02 | Create | Villager (Male) |
| 0:03 | Build | House |
| 0:05 | Build | House |
| 0:37 | Create | Villager (Male) |
| 0:37 | Create | Villager (Male) |
| 1:28 | Create | Villager (Male) |
| 1:28 | Create | Villager (Male) |
| 2:08 | Create | Villager (Male) |
| 2:09 | Create | Villager (Male) |
| 2:12 | Create | Villager (Male) |
| 2:53 | Create | Villager (Male) |
| 2:53 | Create | Villager (Male) |
| 3:08 | Build | Lumber Camp |
| 3:12 | Create | Villager (Male) |
| 3:13 | Create | Villager (Male) |
| 3:47 | Research | Loom |
| 3:49 | Create | Villager (Male) |
| 4:29 | Create | Villager (Male) |
| 4:39 | Build | House |
| 4:41 | Build | Palisade Wall |
| 4:48 | Create | Villager (Male) |
| 5:47 | Create | Villager (Male) |
| 6:01 | Create | Villager (Male) |
| 6:09 | Create | Villager (Male) |
| 6:16 | Build | Mill |
| 6:34 | Create | Villager (Male) |
| 7:18 | Build | House |
| 7:20 | Build | Palisade Wall |
| 7:32 | Create | Villager (Male) |
| 8:18 | Create | Villager (Male) |
| 8:45 | Create | Villager (Male) |
| 8:45 | Create | Villager (Male) |
| 8:54 | Build | House |
| 9:10 | Build | Palisade Wall |
| 9:18 | Build | House |
| 9:19 | Build | Palisade Wall |
| 9:26 | Research | Feudal Age |
| 9:52 | Build | Palisade Wall |
| 10:03 | Build | Farm |
| 10:06 | Build | Farm |
| 10:49 | Build | Barracks |
| 10:57 | Create | Villager (Male) |
| 11:35 | Create | Villager (Male) |
| 11:36 | Age | Feudal Age |
| 12:03 | Build | Watch Tower |
| 12:06 | Create | Villager (Male) |
| 12:07 | Create | Villager (Male) |
| 12:19 | Build | House |
| 12:23 | Build | House |
| 12:38 | Create | Villager (Male) |
| 12:58 | Research | Double-Bit Axe |
| 13:06 | Create | Villager (Male) |
| 13:17 | Build | Palisade Wall |
| 13:31 | Create | Villager (Male) |
| 13:33 | Build | Mining Camp |
| 14:10 | Create | Villager (Male) |
| 14:20 | Build | House |
| 14:24 | Build | House |
| 14:39 | Create | Villager (Male) |
| 14:46 | Build | Mining Camp |
| 14:52 | Build | House |
| 14:53 | Create | Villager (Male) |
| 14:58 | Build | House |
| 15:00 | Build | House |
| 15:08 | Build | Palisade Wall |
| 15:13 | Create | Villager (Male) |
| 15:20 | Build | House |
| 15:25 | Create | Villager (Male) |
| 15:40 | Build | Stone Wall |
| 15:47 | Build | Stone Wall |
| 15:56 | Build | Stone Wall |
| 16:10 | Build | Stone Wall |
| 16:13 | Create | Villager (Male) |
| 16:21 | Build | Stone Wall |
| 16:27 | Create | Villager (Male) |
| 16:32 | Build | Farm |
| 16:33 | Build | Farm |
| 16:40 | Build | Gate |
| 16:42 | Build | House |
| 16:45 | Build | House |
| 16:53 | Create | Villager (Male) |
| 17:01 | Build | Farm |
| 17:03 | Build | Farm |
| 17:04 | Build | Farm |
| 17:05 | Create | Villager (Male) |
| 17:12 | Build | Watch Tower |
| 17:32 | Build | Farm |
| 17:35 | Build | Farm |
| 17:36 | Build | Farm |
| 17:37 | Create | Villager (Male) |
| 17:43 | Build | House |
| 18:06 | Build | Farm |
| 18:30 | Build | Stable |
| 18:39 | Create | Villager (Male) |
| 18:45 | Build | Farm |
| 18:51 | Build | Palisade Wall |
| 19:08 | Build | Farm |
| 19:09 | Create | Villager (Male) |
| 19:19 | Build | Farm |
| 19:20 | Create | Villager (Male) |
| 19:32 | Build | Watch Tower |
| 19:37 | Build | Farm |
| 19:44 | Create | Scout Cavalry |
| 19:44 | Create | Scout Cavalry |
| 19:49 | Create | Villager (Male) |
| 19:56 | Build | Farm |
| 20:01 | Build | Farm |
| 20:09 | Build | Farm |
| 20:10 | Create | Villager (Male) |
| 20:24 | Build | Farm |
| 20:37 | Build | House |
| 20:38 | Build | House |
| 20:44 | Build | Farm |
| 20:50 | Create | Villager (Male) |
| 21:05 | Build | Farm |
| 21:14 | Create | Villager (Male) |
| 21:20 | Build | Farm |
| 21:21 | Build | Farm |
| 21:33 | Create | Villager (Male) |
| 21:37 | Build | House |
| 21:39 | Build | Palisade Wall |
| 22:03 | Build | Farm |
| 22:04 | Build | Farm |
| 22:06 | Create | Villager (Male) |
| 22:09 | Build | Farm |
| 22:14 | Build | Farm |
| 22:20 | Build | Farm |
| 22:34 | Create | Villager (Male) |
| 22:37 | Build | Farm |
| 22:51 | Build | House |
| 23:06 | Build | Farm |
| 23:07 | Research | Castle Age |
| 23:23 | Research | Horse Collar |
| 23:46 | Build | Blacksmith |
| 23:51 | Research | Bloodlines |
| 24:05 | Create | Scout Cavalry |
| 24:05 | Create | Scout Cavalry |
| 24:29 | Research | Forging |
| 24:37 | Build | Watch Tower |
| 24:45 | Research | Scale Barding Armor |
| 24:50 | Research | Gold Mining |
| 25:27 | Build | Stable |
| 25:36 | Research | Fletching |
| 25:40 | Create | Scout Cavalry |
| 25:41 | Create | Scout Cavalry |
| 25:47 | Age | Castle Age |
| 25:51 | Create | Villager (Male) |
| 25:51 | Create | Villager (Male) |
| 25:51 | Create | Villager (Male) |
Build order — Chagas
First 150 of 521 actions detected
| 0:01 | Create | Villager (Male) |
| 0:01 | Create | Villager (Male) |
| 0:01 | Create | Villager (Male) |
| 0:03 | Build | House |
| 0:03 | Create | Villager (Male) |
| 0:05 | Build | House |
| 0:05 | Create | Villager (Male) |
| 0:06 | Create | Villager (Male) |
| 1:08 | Build | Barracks |
| 1:50 | Build | House |
| 1:59 | Create | Militia |
| 1:59 | Create | Militia |
| 2:11 | Create | Militia |
| 2:19 | Create | Villager (Male) |
| 2:19 | Create | Villager (Male) |
| 2:48 | Build | House |
| 3:03 | Create | Villager (Male) |
| 3:17 | Build | House |
| 3:32 | Create | Villager (Male) |
| 3:32 | Create | Villager (Male) |
| 3:59 | Create | Villager (Male) |
| 3:59 | Create | Villager (Male) |
| 4:27 | Create | Villager (Male) |
| 4:27 | Create | Villager (Male) |
| 5:19 | Build | Lumber Camp |
| 5:54 | Create | Villager (Male) |
| 5:54 | Create | Villager (Male) |
| 6:05 | Create | Villager (Male) |
| 6:10 | Create | Villager (Male) |
| 6:14 | Create | Villager (Male) |
| 6:14 | Create | Villager (Male) |
| 6:35 | Create | Villager (Male) |
| 6:35 | Create | Villager (Male) |
| 6:41 | Build | Mill |
| 6:48 | Create | Villager (Male) |
| 6:55 | Create | Villager (Male) |
| 7:10 | Create | Villager (Male) |
| 7:19 | Build | House |
| 7:48 | Research | Loom |
| 8:44 | Research | Feudal Age |
| 9:19 | Build | Mining Camp |
| 10:06 | Build | Farm |
| 10:09 | Create | Villager (Male) |
| 10:17 | Create | Militia |
| 10:32 | Create | Militia |
| 10:48 | Create | Villager (Male) |
| 10:53 | Create | Villager (Male) |
| 10:54 | Age | Feudal Age |
| 11:03 | Build | Archery Range |
| 11:05 | Research | Man-at-Arms (upgrade) |
| 11:06 | Research | Man-at-Arms (upgrade) |
| 11:27 | Create | Villager (Male) |
| 11:27 | Create | Villager (Male) |
| 11:57 | Create | Villager (Male) |
| 12:00 | Create | Villager (Male) |
| 12:02 | Build | House |
| 12:10 | Create | Archer |
| 12:10 | Create | Archer |
| 12:32 | Create | Villager (Male) |
| 12:35 | Create | Archer |
| 12:43 | Build | Farm |
| 12:54 | Research | Double-Bit Axe |
| 12:54 | Research | Double-Bit Axe |
| 12:56 | Create | Archer |
| 13:01 | Build | House |
| 13:04 | Build | House |
| 13:11 | Build | Blacksmith |
| 13:16 | Create | Villager (Male) |
| 13:16 | Create | Villager (Male) |
| 13:18 | Create | Archer |
| 13:18 | Create | Archer |
| 14:00 | Research | Fletching |
| 14:00 | Research | Fletching |
| 14:04 | Build | Palisade Wall |
| 14:09 | Build | Palisade Wall |
| 14:19 | Create | Villager (Male) |
| 14:28 | Build | Palisade Wall |
| 14:46 | Create | Archer |
| 14:51 | Create | Villager (Male) |
| 14:58 | Create | Villager (Male) |
| 14:58 | Create | Villager (Male) |
| 15:00 | Build | Farm |
| 15:01 | Build | Farm |
| 15:12 | Create | Villager (Male) |
| 15:12 | Create | Villager (Male) |
| 15:17 | Build | Farm |
| 15:30 | Create | Villager (Male) |
| 15:31 | Create | Villager (Male) |
| 15:31 | Create | Villager (Male) |
| 15:48 | Create | Villager (Male) |
| 15:48 | Create | Villager (Male) |
| 15:52 | Build | Lumber Camp |
| 16:02 | Build | Palisade Wall |
| 16:03 | Build | Palisade Wall |
| 16:14 | Create | Villager (Male) |
| 16:14 | Create | Villager (Male) |
| 16:41 | Build | Farm |
| 16:43 | Build | Farm |
| 16:44 | Create | Villager (Male) |
| 16:44 | Create | Villager (Male) |
| 16:45 | Build | Farm |
| 16:50 | Build | Farm |
| 17:11 | Create | Villager (Male) |
| 17:11 | Create | Villager (Male) |
| 17:18 | Create | Archer |
| 17:18 | Create | Archer |
| 17:35 | Create | Villager (Male) |
| 17:35 | Create | Villager (Male) |
| 18:03 | Create | Villager (Male) |
| 18:11 | Build | Farm |
| 18:13 | Build | House |
| 18:17 | Build | Farm |
| 18:19 | Create | Villager (Male) |
| 18:22 | Create | Archer |
| 18:23 | Create | Archer |
| 18:25 | Create | Archer |
| 18:29 | Build | Farm |
| 18:30 | Build | Farm |
| 18:31 | Create | Villager (Male) |
| 18:31 | Create | Villager (Male) |
| 18:34 | Build | House |
| 18:35 | Build | House |
| 18:40 | Build | Palisade Wall |
| 18:45 | Build | Lumber Camp |
| 18:53 | Create | Archer |
| 18:55 | Build | Farm |
| 18:58 | Build | Farm |
| 18:59 | Create | Villager (Male) |
| 19:06 | Create | Villager (Male) |
| 19:12 | Create | Villager (Male) |
| 19:17 | Create | Archer |
| 19:27 | Create | Villager (Male) |
| 19:34 | Create | Villager (Male) |
| 19:41 | Build | Archery Range |
| 19:42 | Create | Villager (Male) |
| 20:02 | Create | Villager (Male) |
| 20:03 | Create | Archer |
| 20:03 | Create | Archer |
| 20:04 | Create | Villager (Male) |
| 20:09 | Create | Villager (Male) |
| 20:32 | Create | Villager (Male) |
| 20:32 | Create | Villager (Male) |
| 20:41 | Create | Villager (Male) |
| 21:17 | Build | Palisade Wall |
| 21:31 | Build | Mining Camp |
| 21:34 | Create | Archer |
| 21:36 | Create | Archer |
| 21:36 | Create | Archer |
| 21:45 | Build | House |
| 21:47 | Build | House |
Match timeline
| 1:08 | Chagas · first_building Barracks |
| 4:41 | DS_MD · wall_segment Palisade Wall x3 |
| 7:20 | DS_MD · wall_segment Palisade Wall x6 |
| 9:10 | DS_MD · wall_segment Palisade Wall x10 |
| 9:19 | DS_MD · wall_segment Palisade Wall x1 |
| 9:52 | DS_MD · wall_segment Palisade Wall x16 |
| 10:49 | DS_MD · first_building Barracks |
| 10:54 | Chagas · age_up feudal |
| 11:03 | Chagas · first_building Archery Range |
| 11:36 | DS_MD · age_up feudal |
| 13:17 | DS_MD · wall_segment Palisade Wall x7 |
| 14:04 | Chagas · wall_segment Palisade Wall x5 |
| 14:09 | Chagas · wall_segment Palisade Wall x15 |
| 14:28 | Chagas · wall_segment Palisade Wall x10 |
| 15:08 | DS_MD · wall_segment Palisade Wall x1 |
| 15:40 | DS_MD · wall_segment Stone Wall x6 |
| 15:47 | DS_MD · wall_segment Stone Wall x4 |
| 15:56 | DS_MD · wall_segment Stone Wall x5 |
| 16:02 | Chagas · wall_segment Palisade Wall x1 |
| 16:03 | Chagas · wall_segment Palisade Wall x1 |
| 16:10 | DS_MD · wall_segment Stone Wall x1 |
| 16:21 | DS_MD · wall_segment Stone Wall x1 |
| 18:30 | DS_MD · first_building Stable |
| 18:40 | Chagas · wall_segment Palisade Wall x18 |
| 18:51 | DS_MD · wall_segment Palisade Wall x3 |
| 21:17 | Chagas · wall_segment Palisade Wall x18 |
| 21:39 | DS_MD · wall_segment Palisade Wall x5 |
| 25:23 | Chagas · age_up castle |
| 25:47 | Chagas · first_building Stable |
| 25:47 | DS_MD · age_up castle |
| 27:02 | Chagas · first_building Monastery |
| 28:29 | Chagas · wall_segment Stone Wall x17 |
| 29:54 | Chagas · wall_segment Stone Wall x8 |
| 31:49 | DS_MD · first_building Castle |
| 32:46 | DS_MD · first_building Siege Workshop |
| 33:21 | DS_MD · first_building Monastery |
| 34:17 | Chagas · wall_segment Palisade Wall x1 |
| 36:05 | DS_MD · wall_segment Palisade Wall x6 |
| 39:05 | Chagas · first_building Castle |
| 40:43 | DS_MD · age_up imperial |
| 41:12 | DS_MD · wall_segment Palisade Wall x1 |
| 41:17 | Chagas · age_up imperial |
| 44:08 | DS_MD · resign |
[ AI ANALYSIS · 1 CREDIT ]
What really happened in this match?
Wolo.gg analyzes every decision: build order, eco, micro, common mistakes by bracket. Personalized analysis on WhatsApp or Discord in 30 seconds.
Civ guide
Khmer
Perfil
Jugador #2457324